 Dungeon Crawl Stone Soup version 0.23.2-1-ga50397a6bc (webtiles) character file.

Game seed: 10429596456874518042

99 Mrkan the Chopper (level 4, 0/41 HPs)
             Began as a Hill Orc Monk on May 17, 2019.
             Killed by divine providence
             ... invoked by an orc priest
              (13 damage)
             ... on level 3 of the Dungeon.
             The game lasted 00:04:30 (1836 turns).

Mrkan the Chopper (Hill Orc Monk)                   Turns: 1836, Time: 00:04:30

Health: 0/41       AC:  8    Str: 14    XL:     4   Next: 72%
Magic:  4/4        EV:  6    Int: 10    God:
Gold:   119        SH:  0    Dex: 13    Spells: 3/3 levels left

rFire    . . .     SeeInvis .   a - +0 hand axe
rCold    . . .     Gourm    .   (no shield)
rNeg     . . .     Faith    .   e - +0 chain mail
rPois    .         Spirit   .   (no helmet)
rElec    .         Reflect  .   (no cloak)
rCorr    .         Harm     .   (no gloves)
MR       .....                  (no boots)
Stlth    ..........             (no amulet)
HPRegen  0.13/turn              (no ring)
MPRegen  0.09/turn              (no ring)

@: no status effects
A: no striking features
a: Convert to Beogh


You were on level 3 of the Dungeon.
You were not hungry.

You visited 1 branch of the dungeon, and saw 3 of its levels.

You collected 119 gold pieces.

Inventory:

Hand Weapons
 a - a +0 hand axe (weapon)
Armour
 b - a +0 robe
 d - a +0 ring mail
 e - a +0 chain mail (worn)
 q - a +1 hat
Jewellery
 k - an uncursed amulet of the acrobat {unknown}
 p - an uncursed ring of flight {unknown}
Wands
 r - a wand of enslavement (8)
Scrolls
 f - a scroll of blinking {unknown}
 i - 3 scrolls of identify {unknown}
 l - 2 scrolls of remove curse {unknown}
 n - a scroll of enchant armour {unknown}
 o - a scroll of fear {unknown}
 s - a scroll of teleportation {unknown}
Potions
 g - a potion of might {unknown}
 h - 2 potions of curing {unknown}
 j - 2 potions of degeneration {unknown}
 m - 2 potions of brilliance {unknown}
Comestibles
 c - 6 rations


   Skills:
 + Level 4.6 Fighting
 * Level 6.2 Axes
 - Level 2.4 Dodging
 - Level 1.5 Stealth


You had 3 spell levels left.
You didn't know any spells.
Your spell library was empty.

Dungeon Overview and Level Annotations

Branches:
Dungeon (3/15)

Altars:
Fedhas
Kikubaaqudgha
Qazlal
Yredelemnul


Message History

The bat hits you but does no damage.
The orc warrior hits you from afar with a cursed -3 halberd!
* * * LOW HITPOINT WARNING * * *
The bat hits you but does no damage. The bat hits you but does no damage.
The bat hits you but does no damage. x2
The bat barely misses you. The bat closely misses you.
An orc wizard appears from thin air!
Reactivating autopickup.
The orc wizard mumbles some strange words.
The orc wizard flickers and vanishes!
Deactivating autopickup; reactivate with Ctrl-A.
The bat hits you but does no damage. The bat hits you but does no damage. x2
The orc priest threatens, "By the altar or by the axe, you will meet Beogh!" (press Y on the ability menu to convert to Beogh)
The bat hits you but does no damage.
The orc priest invokes the aid of Beogh against you.
Beogh smites you!
You die...

# # .##.# #.o. ..
#. #... o> #.
##..# o.#. #..#
.#. ##@# o.###
##$b# ...## #..##
#########.?.#
#.## #..>...)..#
##o# ##.#########
##..# ##..# #..##
##..## .###
##{#####..##
..(..##..##....##
#####


You could see an orc warrior, an orc priest and a bat.

Vanquished Creatures
  An iguana (D:2)
  2 adders (D:2)
  A worm (D:2)
  A dart slug (D:1)
  A leopard gecko (D:1)
  An orc (D:3)
  A ball python (D:1)
  6 bats
  A giant cockroach (D:1)
  7 goblins
  4 hobgoblins (D:1)
  6 kobolds
  2 quokkas (D:2)
  4 frilled lizards
  10 rats
  2 rat zombies (D:2)
50 creatures vanquished.

Notes
Turn   | Place    | Note
-------+----------+-------------------------------------------
     0 | D:1      | Mrkan the Hill Orc Monk began the quest for the Orb.
     0 | D:1      | Reached XP level 1. HP: 19/19 MP: 1/1
    55 | D:1      | Reached XP level 2. HP: 16/27 MP: 2/2
   413 | D:1      | Reached skill level 5 in Axes
   463 | D:1      | Reached XP level 3. HP: 33/33 MP: 3/3
   963 | D:2      | Found a blossoming altar of Fedhas.
   964 | D:2      | Found a basalt altar of Yredelemnul.
   998 | D:2      | Reached XP level 4. HP: 20/41 MP: 4/4
  1174 | D:2      | Reached skill level 6 in Axes
  1396 | D:2      | Found a stormy altar of Qazlal.
  1524 | D:2      | Found an ancient bone altar of Kikubaaqudgha.
  1802 | D:3      | Noticed an orc warrior
  1836 | D:3      | Killed from afar by an orc priest

Skill      XL: |  1  2  3  4 |
---------------+-------------+-----
Fighting       | 4 |  4.6
Axes           | 5 6 |  6.2
Dodging        | |  2.4
Stealth        | |  1.5

Action                   |  1- 3 |  4- 6 || total
-------------------------+-------+-------++-------
Melee: Hand axe          |   135 |    66 ||   201
 Stab: Sleeping          |     1 |       ||     1
  Eat: Chunk             |       |     3 ||     3
Armor: Robe              |     2 |       ||     2
       Chain mail        |    82 |    56 ||   138
Dodge: Dodged            |    59 |    26 ||    85
